 Dungeon Crawl Stone Soup version 0.17.0-26-gececa24 (webtiles) character file.

257 MirrMurr the Ruffian (level 6, -2/55 HPs)
             Began as a Ghoul Monk on Nov 20, 2015.
             Slain by an orc (3 damage)
             ... on level 4 of the Dungeon.
             The game lasted 00:10:27 (3039 turns).

MirrMurr the Ruffian (Ghoul Monk)                   Turns: 3039, Time: 00:10:27

Health: -2/55      AC:  9    Str: 15    XL:     6   Next: 16%
Magic:  5/5        EV: 10    Int:  5    God:
Gold:   178        SH:  0    Dex: 13    Spells: 0 memorised, 5 levels left

rFire  . . .     SeeInvis .     a - +1 dagger (venom)
rCold  + . .     Clarity  .     j - +0 scale mail
rNeg   + + +     SustAt   .     (no shield)
rPois  ∞         Gourm    .     v - +0 helmet
rElec  .         Spirit   .     q - +0 cloak
rCorr  .         Warding  .     (no gloves)
rMut   .         Stasis   .     d - +0 pair of boots
MR     .....                    (no amulet)
Stlth  +.........               (no ring)
                                (no ring)

@: rotting, not resistant to hostile enchantments, very unstealthy
A: rotting body, claws 1, carnivore 3, cold resistance 1, negative energy
resistance 3, slow regeneration 1, torment resistance, unbreathing
a: no special abilities


You were on level 4 of the Dungeon.
You were not hungry.

You visited 1 branch of the dungeon, and saw 4 of its levels.

You collected 178 gold pieces.

Inventory:

Hand Weapons
 a - a +1 dagger of venom (weapon)
 b - a +1 hunting sling
Missiles
 h - 121 stones
 i - 30 poisoned needles
 p - 3 tomahawks of dispersal
 r - 32 sling bullets
 s - 6 javelins (quivered)
Armour
 d - a +0 pair of boots (worn)
 j - a +0 scale mail (worn)
 q - a +0 cloak (worn)
 v - a +0 helmet (worn)
Jewellery
 u - an uncursed ring of protection from cold {unknown}
Scrolls
 e - a scroll of teleportation
 l - 2 scrolls of amnesia
 w - 2 scrolls of recharging
Potions
 c - a potion of haste
 f - 3 potions of invisibility
 k - 2 potions of curing
Comestibles
 g - 4 beef jerkies
 m - 2 slices of pizza
 n - 4 meat rations
 o - 6 chunks of flesh


   Skills:
 + Level 4.8 Fighting
 + Level 3.6 Dodging
 - Level 2.1 Stealth
 * Level 6.4 Unarmed Combat


You had 5 spell levels left.
You didn't know any spells.

Dungeon Overview and Level Annotations

Branches:
Dungeon (4/15)
 Temple: D:4-7

Altars:
Fedhas
Yredelemnul


Innate Abilities, Weirdness & Mutations

Your body is rotting away.
You thrive on raw meat.
You are immune to poison.
You have sharp fingernails.
You are carnivorous and can eat meat at any time.
Your flesh is cold resistant.
You are immune to negative energy.
You regenerate slowly when monsters are visible.
You are immune to unholy pain and torment.
You can survive without breathing.


Message History

* * * LOW HITPOINT WARNING * * *
You hit the orc.
You kill the orc!
The orc barely misses you.
You closely miss the orc. The orc closely misses you.
You closely miss the orc. The orc closely misses you.
You hit the orc.
The orc is moderately wounded.
The orc hits you but does no damage.
You barely miss the orc.
The orc is moderately wounded.
The orc hits you.
* * * LOW HITPOINT WARNING * * *
You closely miss the orc.
The orc is moderately wounded.
The orc closely misses you.
You hit the orc.
The orc is poisoned.
The orc is severely wounded.
The orc hits you.
You die...

######...##
#...#
#######...#
#.........#
#.##...)..#
#.##.#.(..#
#.##.#...##
####.##.###.<#
#.o@.##.###..#
#)#####......#
#.#####......#
#o...oo....#.#
#######....+.#
#...(###
#.o..# ...)...
..o......


You could see an orc.

Vanquished Creatures
  2 orc priests (D:4)
  2 orc wizards (D:4)
  3 adders
  An ooze (D:1)
  3 worms (D:2)
  A giant gecko (D:4)
  5 orcs
  4 giant cockroaches
  6 goblins
  5 hobgoblins
  3 quokkas
  9 bats
  5 giant newts
  14 jackals
  3 kobolds
  9 rats
  A spectral orc (D:3)
76 creatures vanquished.

Vanquished Creatures (others)
  An orc wizard (D:4)
1 creature vanquished.

Grand Total: 77 creatures vanquished

Notes
Turn   | Place    | Note
--------------------------------------------------------------
     0 | D:1      | MirrMurr the Ghoul Monk began the quest for the Orb.
     0 | D:1      | Reached XP level 1. HP: 19/19 MP: 0/0
   180 | D:1      | Reached XP level 2. HP: 26/26 MP: 1/1
   762 | D:1      | Reached XP level 3. HP: 29/33 MP: 2/2
  1126 | D:2      | Reached skill level 5 in Unarmed Combat
  1208 | D:2      | Reached XP level 4. HP: 24/40 MP: 3/3
  1339 | D:2      | Found a blossoming altar of Fedhas.
  1962 | D:3      | Found a basalt altar of Yredelemnul.
  2796 | D:4      | Reached XP level 5. HP: 36/47 MP: 4/4
  3007 | D:4      | Reached skill level 6 in Unarmed Combat
  3020 | D:4      | Reached XP level 6. HP: 7/53 MP: 5/5
  3037 | D:4      | HP: 1/55 [orc (4)]
  3039 | D:4      | Slain by an orc

Action                   |  1- 3 |  4- 6 || total
-------------------------+-------+-------++-------
Melee: Unarmed           |    26 |     3 ||    29
       Dagger            |    94 |   139 ||   233
 Fire: Hunting sling     |       |     5 ||     5
  Use: Scroll            |     4 |     6 ||    10
       Potion            |       |     8 ||     8
 Stab: Sleeping          |     3 |       ||     3
  Eat: Chunk             |     6 |     8 ||    14
